 Dungeon Crawl Stone Soup version 0.14.0-12-g87ee3b7 (webtiles) character file.

145 MDvedh the Cudgeler (level 4, 0/37 HPs)
             Began as a Minotaur Wanderer on Apr 17, 2014.
             Slain by a gnoll
             ... wielding a +0,+0 flail
              (7 damage)
             ... on Level 2 of the Dungeon.
             The game lasted 00:02:16 (1531 turns).

MDvedh the Cudgeler (Minotaur Wanderer)             Turns: 1531, Time: 00:02:17

HP   0/37        AC 10     Str 17      XL: 4   Next: 41%
MP   4/4         EV  4     Int  8      God:
Gold 49          SH  8     Dex 11      Spells:  0 memorised,  5 levels left

rFire  . . .     SeeInvis .     d - +0 club
rCold  . . .     Clarity  .     e - +0 plate armour
rNeg   . . .     Conserve .     b - +0 buckler
rPois  .         rCorr    .     (helmet restricted)
rElec  .         rRot     .     (no cloak)
SustAb . .       Spirit   .     (no gloves)
rMut   .         Warding  .     (no boots)
Saprov . . .     Stasis   .     (no amulet)
MR     .....                    (no ring)
                                (no ring)

@: not resistant to hostile enchantments, extremely unstealthy
A: retaliatory headbutt, horns 2
a: no special abilities


You were on level 2 of the Dungeon.
You were not hungry.

You visited 1 branch of the dungeon, and saw 2 of its levels.

You collected 49 gold pieces.

Inventory:

Hand weapons
 d - a +0,+0 club (weapon)
Armour
 b - a +0 buckler (worn)
 e - a +0 plate armour (worn)
Comestibles
 f - 2 bread rations
Scrolls
 c - a scroll of fog {unknown}
 g - 3 scrolls of remove curse {unknown}
 j - a scroll of amnesia {unknown}
Jewellery
 i - an uncursed ring of protection from fire {unknown}
Potions
 h - 2 potions of curing {unknown}
Books
 a - a book of Minor Magic

   Spells                             Type                      Level
   Magic Dart                         Conjuration                  1
   Blink                              Translocation                2
   Call Imp                           Summoning                    2
   Repel Missiles                     Charms/Air                   2
   Slow                               Hexes                        2
   Conjure Flame                      Conjuration/Fire             3
   Mephitic Cloud                     Conjuration/Poison/Air       3


   Skills:
 - Level 2.4 Fighting
 + Level 5.0 Maces & Flails
 - Level 1.2 Armour
 - Level 2.4 Shields
 - Level 1.0 Spellcasting
   Level 2.9 Necromancy


You had 5 spell levels left.
You didn't know any spells.

Dungeon Overview and Level Annotations

Branches:
Dungeon (2/15)

Altars:


Innate Abilities, Weirdness & Mutations

You reflexively headbutt those who attack you in melee.
You have a pair of horns on your head.


Message History

You hit the gnoll but do no damage.
The gnoll is severely wounded.
You block the gnoll's attack. The gnoll hits you but does no damage.
Unknown command.
You hit the gnoll.
The gnoll is almost dead.
The gnoll hits you but does no damage. The gnoll barely misses you.
Unknown command.
You hit the gnoll.
You kill the gnoll!
Your Maces & Flails skill increases to level 5!
The gnoll hits you but does no damage.
Unknown command.
Your shield and plate armour prevent you from hitting the gnoll.
You block the gnoll's attack.
You closely miss the gnoll. The gnoll hits you but does no damage.
You hit the gnoll. Your headbutt misses the gnoll.
The gnoll is lightly wounded.
The gnoll hits you with a flail!
You die...

#........# #)..... #....(...#
#.>.... #........##### #......
#.....(..+...## #......
#.....(..###..###......
#........# ##..........
#........# #####...... +....)(..#
#...... #....g@..# #......
####.##### ##.#### ####....###
####..... #...r.....# #........
####+## #.g.......# #........
.$..... #.........# #........
....... ###g......>.# #........
.......##.'.........# #....)...
.......'..#.........#####........


You could see a gnoll.

Vanquished Creatures
  3 gnolls
  An inept feature mimic (D:2)
  A giant mite (D:1)
  2 giant geckos (D:2)
  An ooze (D:1)
  4 giant cockroaches (D:1)
  3 goblins
  8 hobgoblins (D:1)
  3 jackals (D:1)
  5 kobolds
  A ball python (D:1)
  3 bats (D:1)
  8 giant newts
  7 rats
50 creatures vanquished.

Notes
Turn   | Place    | Note
--------------------------------------------------------------
     0 | D:1      | MDvedh, the Minotaur Wanderer, began the quest for the Orb.
     0 | D:1      | Reached XP level 1. HP: 18/18 MP: 3/3
    67 | D:1      | Reached skill level 1 in Maces & Flails
   190 | D:1      | Reached XP level 2. HP: 25/25 MP: 3/3
   608 | D:1      | Reached skill level 3 in Maces & Flails
   673 | D:1      | Reached XP level 3. HP: 30/30 MP: 4/4
   812 | D:1      | Reached skill level 4 in Maces & Flails
  1379 | D:2      | Reached XP level 4. HP: 37/37 MP: 4/4
  1528 | D:2      | Reached skill level 5 in Maces & Flails
  1531 | D:2      | Slain by a gnoll

Action                   |  1- 3 |  4- 6 || total
-------------------------+-------+-------++-------
Melee: Club              |   137 |    36 ||   173
